Unix NetHack Version 5.0.0-0 post-release - last build May  4 2026 22:22:43 (774f63e81ad911689b3a0859ea89b322d5daca8d,branch:main).

Game began 2026-05-06 21:14:55, ended 2026-05-06 21:53:19.

BeardyHaddock, chaotic male elven Wizard

 ----------
 |...>....|
 |.........
 |........|
 |.........#
 |........|#
 |........|#
 ----------#
           #
           #
           #
           #
         ###
         G ------ --
         @|).......|
         #s..{.....|
          |........|
           ---------

BeardyHaddock the Thaumaturge  St:11 Dx:13 Co:12 In:20 Wi:13 Ch:9  Chaotic
Dlvl:7  $:787 HP:0(42) Pw:4(49) AC:7  Xp:6 T:3316 

Latest messages:
 You see here 4 gold pieces.
 $ - 4 gold pieces (787 in total).
 This door is locked.
 This door is locked.
 This door is locked.
 This door is locked.
 This door is locked.
 This door is locked.
 In what direction? 6
 Whammm!!
 In what direction? 6
 Whammm!!
 In what direction? 6
 Whammm!!
 In what direction? 6
 As you kick the door, it crashes open!
 In what direction? 6
 The spell misses the giant spider.
 The giant spider bites!
 In what direction? 6
 The spell misses the giant spider.
 The giant spider bites!
 In what direction? 6
 The spell misses the giant spider.
 The giant spider bites!
 In what direction? 6
 The spell hits the giant spider!
 The giant spider bites!
 The giant spider's bite was poisoned!
 The giant spider bites!
 Are you sure you want to pray? [yn] (n) y
 You begin praying to Anhur.
 You are surrounded by a shimmering light.
 The giant spider starts to attack you, but pulls back.
 The giant spider starts to attack you, but pulls back.
 The giant spider starts to attack you, but pulls back.
 You finish your prayer.
 You feel that Anhur is well-pleased.
 What do you want to write with? [- ac-enGJKSV or ?*] -
 You write in the dust with your fingertip.
 What do you want to write in the dust here? Elbereth
 The gnome lady hits!
 The giant spider bites!
 The giant spider bites!
 You die...
 Do you want your possessions identified? [ynq] (y) n
 Do you want to see your attributes? [ynq] (y) y
 Do you want an account of creatures vanquished? [ynaq] (y) y
 Do you want to see your conduct and achievements? [ynq] (y) n
 Do you want to see the dungeon overview? [ynq] (y) n

Inventory:
 Coins    ('$')
  $ - 787 gold pieces
 Weapons  (')')
  J - a cursed -1 flail
  a - a blessed +1 quarterstaff (weapon in hands)
 Armor    ('[')
  b - an uncursed +0 cloak of magic resistance (being worn)
  q - an uncursed +0 leather armor (being worn)
 Comestibles  ('%')
  N - an uncursed food ration
  v - a cursed food ration
  X - an uncursed fortune cookie
  r - 2 uncursed tripe rations
 Scrolls  ('?')
  Y - an uncursed scroll of blank paper
  W - an uncursed scroll of charging
  O - a blessed scroll of enchant weapon
  j - 2 uncursed scrolls of identify
  i - an uncursed scroll of light
  k - an uncursed scroll of punishment
 Spellbooks  ('+')
  U - an uncursed spellbook of detect food
 Potions  ('!')
  T - an uncursed potion of gain ability
 Rings    ('=')
  e - an uncursed ring of fire resistance
  d - an uncursed ring of warning
 Wands    ('/')
  V - a wand of cancellation (0:8)
  c - a wand of magic missile (0:8)
 Tools    ('(')
  o - an uncursed bell
  n - a magic marker (0:19)
  y - an uncursed tin opener
  t - an uncursed tin whistle
  S - an uncursed towel
 Gems/Stones  ('*')
  G - an uncursed worthless piece of blue glass
  K - an uncursed worthless piece of yellowish brown glass

BeardyHaddock the Wizard's attributes:

Background:
 You were a Thaumaturge, a level 6 male elven Wizard.
 You were chaotic, on a mission for Anhur
 who was opposed by Ptah (lawful) and Thoth (neutral).
 You were right-handed.
 You were in the Dungeons of Doom, on level 7.
 You entered the dungeon 3316 turns ago.
 You had 352 experience points, 288 more were needed to attain level 7.

Basics:
 You had 0 out of 42 hit points.
 You had 4 out of 49 energy points (spell power).
 Your armor class was 7.
 Your wallet contained 787 zorkmids.
 Autopickup was off.

Final Characteristics:
 Your strength was 11 (limit:18).
 Your dexterity was 13 (limit:18).
 Your constitution was 12 (limit:16).
 Your intelligence was 20 (limit:20).
 Your wisdom was 13 (limit:20).
 Your charisma was 9 (limit:18).

Final Status:
 You weren't hungry.
 You were unencumbered.
 You were wielding a quarterstaff.
 You had basic skill with quarterstaff.

Final Attributes:
 You were piously aligned.
 You were magic-protected.
 You were sleep resistant.
 You were telepathic.
 You had infravision.
 You were warded.
 You are dead.

Miscellaneous:
 You didn't encounter any bones levels.
 Total elapsed playing time was 38 minutes and 24 seconds.

Major events:
 Turn
    1: BeardyHaddock the chaotic male elven Wizard entered the dungeon
  654: attained the rank of Conjurer (level 3)
 3143: attained the rank of Thaumaturge (level 6)
 3316: killed by a giant spider

Spells:
 Name                 Level Category     Fail Retention
 force bolt             1   attack         0%   81%-90%
 healing                1   healing        0%  76%-100%
 chain lightning        2   attack         0%   81%-90%
 create familiar        6   clerical      98%  76%-100%
 cure sickness          3   healing       54%  76%-100%
 detect food            2   divination    15%  76%-100%

Skills:
 Fighting Skills
   bare handed combat [Unskilled]
   riding             [Unskilled]
 Weapon Skills
   dagger             [Unskilled]
   knife              [Unskilled]
   axe                [Unskilled]
   short sword        [Unskilled]
   club               [Unskilled]
   mace               [Unskilled]
   quarterstaff       [Basic]
   polearms           [Unskilled]
   spear              [Unskilled]
   trident            [Unskilled]
   sling              [Unskilled]
   dart               [Unskilled]
   shuriken           [Unskilled]
 Spellcasting Skills
   attack spells      [Basic]
   healing spells     [Unskilled]
   divination spells  [Unskilled]
   enchantment spells [Basic]
   clerical spells    [Unskilled]
   escape spells      [Unskilled]
   matter spells      [Unskilled]

Voluntary challenges:
 Character rerolling was not enabled.
 You never genocided any monsters.
 You never polymorphed an object.
 You never changed form.
 You used no wishes.
Achievements:
 You attained the rank of Conjurer.
 You entered a shop.
 You attained the rank of Thaumaturge.

 The Dungeons of Doom: levels 1 to 8
    Level 1:
       Some fountains.
    Level 2:
       A general store.
    Level 3:
       A fountain, a sink.
    Level 4:
       A fountain.
    Level 5:
       Some fountains.
    Level 6:
       A fountain.
    Level 7: <- You were here.
       A fountain.
       Final resting place for
          you, killed by a giant spider.
    Level 8:
       Many fountains.


Vanquished creatures:
  a dingo
  a jaguar
  a dwarf leader
  a rock piercer
  a rock mole
  2 shriekers
  a gnome leader
  a straw golem
  a paper golem
  a giant ant
  2 floating eyes
  a dwarf
  2 rothes
  a wererat
  2 acid blobs
  a hobbit
  5 manes
  a hobgoblin
  2 giant rats
  3 cave spiders
  a yellow mold
  a green mold
  a red mold
  a garter snake
  a gnome zombie
  5 geckos
 12 jackals
  a fox
  a kobold
  4 goblins
  3 sewer rats
  6 grid bugs
  a bat
  3 lichens
  2 kobold zombies
  3 newts
77 creatures vanquished.

No species were genocided or became extinct.

Game over:
                       ----------
                      /          \
                     /    REST    \
                    /      IN      \
                   /     PEACE      \
                  /                  \
                  |  BeardyHaddock   |
                  |      787 Au      |
                  |   killed by a    |
                  |   giant spider   |
                  |                  |
                  |                  |
                  |       2026       |
                 *|     *  *  *      | *
        _________)/\\_//(\/(/\)/\//\/|_)_______

Goodbye BeardyHaddock the Wizard...

You died in The Dungeons of Doom on dungeon level 7 with 2307 points,
and 787 pieces of gold, after 3316 moves.
You were level 6 with a maximum of 42 hit points when you died.

